 Dungeon Crawl Stone Soup version 0.27.0-1-g7a089689b8 (webtiles) character file.

Game seed: 5297683799371930381

5 hawla the Sneak (level 1, -2/13 HPs)
             Began as a Deep Elf Delver on Aug 8, 2021.
             Was an Initiate of Ashenzari.
             Slain by an ufetubus (3 damage)
             ... on level 5 of the Dungeon.
             The game lasted 00:02:15 (165 turns).

hawla the Sneak (Deep Elf Delver)                    Turns: 165, Time: 00:02:15

Health: -2/13      AC:  3    Str:  9    XL:     1   Next: 66%
Magic:  3/3        EV: 12    Int: 14    God:    Ashenzari [......]
Gold:   13         SH:  0    Dex: 16    Spells: 0/0 levels left

rFire    . . .     SeeInvis .   a - +0 short sword
rCold    . . .     Faith    .   (no shield)
rNeg     . . .     Spirit   .   b - +0 leather armour
rPois    .         Reflect  .   (no helmet)
rElec    .         Harm     .   (no cloak)
rCorr    .         Rampage  .   (no gloves)
Will     .....                  (no boots)
Stlth    +++.......             (no amulet)
HPRegen  0.04/turn              (no ring)
MPRegen  0.08/turn              (no ring)

@: hasted, very quick
A: no striking features
a: Renounce Religion


You were on level 5 of the Dungeon.
You worshipped Ashenzari.
Ashenzari was noncommittal.
You visited 1 branch of the dungeon, and saw 1 of its levels.

You collected 13 gold pieces.

Inventory:

Hand Weapons
 a - a +0 short sword (weapon)
Armour
 b - a +0 leather armour (worn)
Wands
 g - a wand of digging (3)
Scrolls
 c - a scroll of fog
 e - a scroll of fear


   Skills:
 + Level 2.4 Fighting
 + Level 2.0 Short Blades
 + Level 2.4 Dodging
 + Level 6.3 Stealth


You couldn't memorise any spells.
You didn't know any spells.
Your spell library was empty.

Dungeon Overview and Level Annotations

Branches:
Dungeon (5/15)
 Temple: D:4-7

Altars:
Ashenzari


Message History

Ashenzari welcomes you!
Ashenzari warns you of distant threats and treasures.
Ashenzari reveals the structure of the dungeon to you.
Ashenzari shows you where magical portals lie.
Ashenzari prevents you from stumbling into unseen traps.
Ashenzari identifies your possessions.
HP restored.
You open the door. You open the door.
There is an open door here.
An ufetubus comes into view.
The ufetubus hits you but does no damage.
The ufetubus closely misses you. x3
You miss the ufetubus. The ufetubus hits you. The ufetubus closely misses you.
You hit the ufetubus.
The ufetubus is heavily wounded.
The ufetubus hits you.
The ufetubus hits you but does no damage.
The ufetubus misses you.
The ufetubus hits you but does no damage.
You barely miss the ufetubus.
The ufetubus is heavily wounded.
The ufetubus hits you.
The ufetubus hits you but does no damage.
You feel yourself speed up. The ufetubus hits you.
The ufetubus hits you but does no damage.
The ufetubus barely misses you.
The ufetubus hits you but does no damage.
The ufetubus barely misses you. x2
Okay, then.
As you read the scroll of magic mapping, it crumbles to dust.
You feel aware of your surroundings.
You sensed 3 altars.
The ufetubus hits you. The ufetubus closely misses you.
You hit the ufetubus.
The ufetubus is moderately wounded.
The ufetubus hits you.
* * * LOW HITPOINT WARNING * * *
The ufetubus closely misses you.
You miss the ufetubus.
The ufetubus is moderately wounded.
The ufetubus hits you.
* * * LOW HITPOINT WARNING * * *
The ufetubus hits you.
You die...

#..#######.##..##.#
...# ### #.##..##.#
...#######........#
................###
........####.#...#
.......## #...#.#
#.....## #####.#
##...## #5# ##+##
#@# *,***** #.#
*,,,,,* #.#
**,,,,,*******#.#
**,,>,,,,,,,,,,..#
*,,,,,,,*******###
**,,,,,,* ,,,,,,***
***,***


You could see an ufetubus.

Vanquished Creatures
  An ufetubus (D:5)
1 creature vanquished.

Notes
Turn   | Place    | Note
-------+----------+-------------------------------------------
     0 | D:5      | hawla the Deep Elf Delver began the quest for the Orb.
     0 | D:5      | Reached XP level 1. HP: 13/13 MP: 3/3
    19 | D:5      | Found a broken altar of Ashenzari.
    35 | D:5      | Became a worshipper of Ashenzari the Shackled
   165 | D:5      | Slain by an ufetubus

Illustrated notes

Levels and vault maps discovered:
D:5:      layout_loops_corners, lemuel_doored_altar,
          gammafunk_temple_overflow_claw

Action                   || total
-------------------------++-------
Melee: Short sword       ||     8
  Use: Scroll            ||     1
       Potion            ||     1
Armor: Leather armour    ||     7
Dodge: Dodged            ||    15
